 Dungeon Crawl Stone Soup version 0.21-a0-426-g98080a9 (webtiles) character file.

300 KristoblXynda the Shield-Bearer (level 6, -3/51 HPs)
             Began as a Draconian Fighter on Nov 7, 2017.
             Slain by an ogre
             ... wielding a +0 giant club
              (24 damage)
             ... on level 4 of the Dungeon.
             The game lasted 00:03:19 (1900 turns).

KristoblXynda the Shield-Bearer (Draconian Fighter) Turns: 1900, Time: 00:03:20

Health: -3/51      AC:  7    Str: 18    XL:     6   Next: 13%
Magic:  6/6        EV:  8    Int:  9    God:
Gold:   192        SH:  9    Dex: 10    Spells: 5/5 levels left

rFire    . . .     SeeInvis .   a - +0 long sword
rCold    . . .     Gourm    .   b - +0 shield
rNeg     . . .     Faith    +   (armour unavailable)
rPois    .         Spirit   .   (helmet restricted)
rElec    .         Reflect  .   (no cloak)
rCorr    .         Harm     .   (no gloves)
MR       +....                  h - +0 pair of boots
Stlth    +.........             g - amulet of faith
HPRegen  0.17/turn              f - ring of protection from magic
MPRegen  0.10/turn              m - -2 ring of intelligence (curse)

@: constricted
A: unfitting armour, cold-blooded, AC +6
a: no special abilities


You were on level 4 of the Dungeon.
You were hungry.

You visited 1 branch of the dungeon, and saw 4 of its levels.

You collected 192 gold pieces.

Inventory:

Hand Weapons
 a - a +0 long sword (weapon)
Armour
 b - a +0 shield (worn)
 h - a +0 pair of boots (worn)
Jewellery
 f - a ring of protection from magic (left hand)
 g - an amulet of faith (around neck)
 m - a cursed -2 ring of intelligence (right hand)
Scrolls
 e - 3 scrolls of identify
 k - a scroll of teleportation
 o - a scroll of immolation
Potions
 c - a potion of might
 j - a potion of curing
Comestibles
 d - 3 bread rations
 i - 4 fruits
 l - a royal jelly
 n - 3 meat rations


   Skills:
 - Level 3.2 Fighting
 + Level 4.0 Long Blades
 + Level 4.2 Dodging
 + Level 4.6 Shields


You had 5 spell levels left.
You didn't know any spells.

Dungeon Overview and Level Annotations

Branches:
Dungeon (4/15)
 Temple: D:4-7

Altars:
Ashenzari
Vehumet


Innate Abilities, Weirdness & Mutations

Your plain brown scales are hard. (AC +6)
You cannot fit into any form of body armour.
You are cold-blooded and may be slowed by cold attacks.


Message History

You barely miss the ball python skeleton.
The ball python skeleton barely misses you.
The ball python skeleton constricts you.
You hit the ball python skeleton.
The ball python skeleton is moderately damaged.
The ogre hits you with a giant club!!
Ouch! That really hurt!
You block the ball python skeleton's attack.
The ball python skeleton constricts you.
You hit the ogre.
The ogre is lightly wounded.
The ball python skeleton bites you but does no damage.
The ball python skeleton constricts you.
You block the ogre's attack.
You block the ball python skeleton's attack.
The ball python skeleton constricts you.
You hit the ogre. You tail-slap the ogre.
The ogre is moderately wounded.
The ogre hits you with a giant club!!
You die...

##################.
#...Z@O...<(.......
#$#####............
#.#..........
#..##........
#..#.#.......
#....# ##.....
#..... #..!. #.....
#..#


You could see an ogre and a ball python skeleton.

Vanquished Creatures
  Purgy (D:3)
  The ghost of zorance the Ruffian, an amateur DrTm (D:3)
  Terence (D:3)
  2 adders (D:2)
  An ooze (D:3)
  3 worms
  A dart slug (D:2)
  A leopard gecko (D:2)
  4 orcs (D:3)
  A ball python (D:4)
  6 bats
  4 giant cockroaches
  A goblin (D:1)
  10 hobgoblins
  8 jackals (D:2)
  A quokka (D:3)
  A frilled lizard (D:2)
  6 kobolds
  9 rats
62 creatures vanquished.

Vanquished Creatures (others)
  2 kobolds (D:2)
2 creatures vanquished.

Grand Total: 64 creatures vanquished

Notes
Turn   | Place    | Note
-------+----------+-------------------------------------------
     0 | D:1      | KristoblXynda the Draconian Fighter began the quest for the Orb.
     0 | D:1      | Reached XP level 1. HP: 19/19 MP: 1/1
   134 | D:1      | Reached XP level 2. HP: 26/26 MP: 2/2
   559 | D:2      | Reached XP level 3. HP: 28/31 MP: 3/3
   688 | D:2      | Found a radiant altar of Vehumet.
  1106 | D:2      | Reached XP level 4. HP: 34/38 MP: 4/4
  1345 | D:3      | Noticed Terence
  1361 | D:3      | Killed Terence
  1413 | D:3      | Found a shattered altar of Ashenzari.
  1547 | D:3      | Noticed Purgy
  1552 | D:3      | Killed Purgy
  1552 | D:3      | Reached XP level 5. HP: 40/45 MP: 5/5
  1602 | D:3      | Noticed zorance's ghost (amateur DrTm)
  1606 | D:3      | Killed zorance's ghost
  1606 | D:3      | Reached XP level 6. HP: 51/51 MP: 6/6
  1900 | D:4      | Slain by an ogre

Vault maps used:
D:1:      lemuel_arrival_rhombus, corner_web_ring, st_stairs_11
D:2:      fiery_altar_vehumet
D:3:      ashenzari_altar_1, uniq_terence, uniq_purgy
D:4:      grunt_gozag_breadcrumbs, dancing_weapons_uskayaw, marbit_many_paths,
          minmay_misc_feat_secret_circle

Skill      XL: |  1  2  3  4  5 |
---------------+----------------+-----
Dodging        | 3 4 |  4.2
Long Blades    | 3 4 |  4.0
Shields        | 4 |  4.6
Fighting       | |  3.2

Action                   |  1- 3 |  4- 6 || total
-------------------------+-------+-------++-------
Melee: Long sword        |   103 |    67 ||   170
       Tailslap          |     8 |    11 ||    19
  Use: Scroll            |     5 |       ||     5
       Potion            |       |     1 ||     1
  Eat: Chunk             |       |     3 ||     3
Armor: Skin              |    53 |    22 ||    75
Dodge: Dodged            |    64 |    42 ||   106
Block: Shield            |    90 |    31 ||   121
       Rpst.: Long sword |    21 |    15 ||    36

Table legend:
 A = Spawn XP
 B = Non-spawn XP
 C = Spawn XP percentage of total XP
 D = Spawn monster count
 E = Non-spawn monster count
 F = Spawn count percentage of total count
 G = Total turns spent on level
                    A         B        C        D         E        F      G
               +---------+---------+-------+---------+---------+-------+---------
         Total |       0 |     429 |   0.0 |       0 |      62 |   0.0 |  1900
               +---------+---------+-------+---------+---------+-------+---------
           D:1 |       0 |      28 |   0.0 |       0 |      18 |   0.0 |   527
           D:2 |       0 |      79 |   0.0 |       0 |      27 |   0.0 |   770
           D:3 |       0 |     320 |   0.0 |       0 |      16 |   0.0 |   591
           D:4 |       0 |       2 |   0.0 |       0 |       1 |   0.0 |    12
               +---------+---------+-------+---------+---------+-------+---------
